cohdb
Replays
Latest Replays
All Replays
Popular Replays
Top Player Replays
Match Explorer
How It Works
Community
CoH3 Stats
Reddit
Sign in to upload your games and track your stats! →
Sign in with Steam
Match 45418339
Unlisted
Match 45418339
Overview
Messages
Build Orders
End
Panzerpioneer Squad
Selects Italian Infantry
Panzergrenadier Squad
250 Light Carrier
Construct Light Support Kompanie
Fire Support Elements
Selects Defensive Operations
2.5-tonne Medical Truck
Combat Half-tracks
Veteran Squad Leaders
le.IG 18 Mechanized Group
Selects Guastatori Squad
Guastatori Squad
Construct Panzerarmee Kommand
Flak 36 Anti-tank Gun Team
Selects Territory Booby Traps
Walking Stuka Rocket Launcher
Armored Reserves
Emergency Repair Kits
Selects Obice 305mm Barrage
Selects L6/40 Light Tank Combat Group
Tiger Heavy Tank
Obice 305mm Barrage
Panzer III L Medium Tank
Advanced Optics
Panzer III L Medium Tank
Obice 305mm Barrage
Selects Towed Cannone da 105/28 Field Howitzer
Obice 305mm Barrage
Panzer III L Medium Tank
Obice 305mm Barrage
Tiger Heavy Tank
Panzerpioneer Squad
Guastatori Squad
Panzerpioneer Squad
Panzerpioneer Squad
StuG Assault Group
Panzerpioneer Squad
Obice 305mm Barrage
Pubertz
CansahBudaklar
じゃんじゃん
qazqaz0240
RitraXP
alex You
Chaotic
Deep Blue Fish
0
0
Comments
sign in to comment!
No comments posted yet!